 Dungeon Crawl Stone Soup version 0.30-a0-800-g7c544603b3 (webtiles) character file.

Game seed: 9907237265998735933

125853 domi the Devastator (level 16, -4/117 (122) HPs)
             Began as a Demonspawn Conjurer on Feb 22, 2023.
             Was an Initiate of Gozag.
             Slain by a harpy zombie (8 damage)
             ... summoned by Mlioglotl
             ... on level 3 of the Swamp.
             The game lasted 01:55:45 (39897 turns).

domi the Devastator (Demonspawn Conjurer)          Turns: 39897, Time: 01:55:45

HP:   -4/117 (122)  AC: 17    Str: 10    XL:     16   Next: 42%
MP:   9/30          EV: 15    Int: 26    God:    Gozag
Gold: 6191          SH:  4    Dex: 11    Spells: 4/35 levels left

rFire   + . .      SeeInvis +    b - staff of air {rElec}
rCold   + + .      Faith    .    (no shield)
rNeg    . . .      Spirit   .    L - +2 robe {rC+}
rPois   .          Reflect  .    (helmet unavailable)
rElec   +          Harm     .    c - +2 cloak {Stlth+}
rCorr   .          Rampage  .    (no gloves)
Will    +....                    G - +1 pair of boots
Stlth   +++                      h - amulet of magic regeneration
HPRegen 0.39/turn                w - ring of protection from cold {rC+}
MPRegen 0.84/turn                x - ring of protection from fire {rF+}

@: about to teleport, hasted, lightly drained, very quick
A: antennae 3, icemail 1, magic regeneration, sharp scales 3, condensation
shield, corrupting presence 1, mutation resistance 1, shaggy fur 1
a: Renounce Religion, Potion Petition, Call Merchant, Bribe Branch


You were on level 3 of the Swamp.
You worshipped Gozag.
Gozag was greatly pleased with you.
You visited 5 branches of the dungeon, and saw 26 of its levels.
You also visited: Bailey.

You collected 8568 gold pieces.
You spent 955 gold pieces at shops.
You paid 1422 gold pieces to Gozag.

Inventory:

Hand Weapons
 a - a +2 demon whip of venom
   (You took it off Amaemon on level 8 of the Dungeon)
 d - a +2 vampiric spear {!w}
   (You found it on level 1 of the Dungeon)
 q - the +8 hammer of Magnificence {heavy, rN++ Str-2}
   (You found it on level 7 of the Dungeon)

   Str:       It affects your strength (-2).
   rN:        It greatly protects you from negative energy.
 A - the +8 hammer of Doubt {flame, rF+ Int+2}
   (You found it on level 7 of the Dungeon)

   Int:       It affects your intelligence (+2).
   rF:        It protects you from fire.
 B - the +6 hammer of Compound Interest {spect, Int+2}
   (You found it on level 7 of the Dungeon)

   Int:       It affects your intelligence (+2).
 H - the +8 autumn katana {manifold assault}
   (You found it on level 5 of the Lair of Beasts)

   Manifold Assault: It sometimes launches melee attacks against multiple
   visible enemies.
 K - the +10 rapier "Neyreene" {spect, Int+3 Dex-5 SInv}
   (You found it on level 2 of the Lair of Beasts)

   Int:       It affects your intelligence (+3).
   Dex:       It affects your dexterity (-5).
   SInv:      It lets you see invisible.
Armour
 c - a +2 cloak of stealth (worn)
   (You found it on level 10 of the Dungeon)
 n - a +0 pair of gloves
   (You found it on level 15 of the Dungeon)
 G - a +1 pair of boots (worn)
   (You found it on level 9 of the Dungeon)
 L - a +2 robe of cold resistance (worn)
   (You found it on level 2 of the Lair of Beasts)
Magical Staves
 b - a staff of air (weapon) {rElec}
   (You found it on level 13 of the Dungeon)
 m - a staff of fire {rF+}
   (You found it on level 4 of the Dungeon)
 u - a staff of earth
   (You found it on level 6 of the Dungeon)
 D - a staff of poison {rPois}
   (You found it on level 8 of the Dungeon)
 V - a staff of conjuration {!a}
   (You found it on level 2 of the Swamp)
Jewellery
 h - an amulet of magic regeneration (around neck)
   (You found it on level 1 of the Dungeon)
 j - a ring of ice {rC+, rF-}
   (You found it on level 3 of the Lair of Beasts)
 r - an amulet of the acrobat
   (You found it on level 1 of the Lair of Beasts)
 w - a ring of protection from cold (left hand) {rC+}
   (You found it on level 6 of the Dungeon)
 x - a ring of protection from fire (right hand) {rF+}
   (You found it on level 1 of the Lair of Beasts)
 N - an amulet of guardian spirit {Spirit}
   (You found it on level 12 of the Dungeon)
Wands
 i - a wand of polymorph (31)
   (You found it on level 4 of the Dungeon)
 o - a wand of iceblast (7)
   (You found it on level 15 of the Dungeon)
 y - a wand of charming (16)
   (You took it off a centaur on level 6 of the Dungeon)
 z - a wand of quicksilver (18)
   (You found it on level 5 of the Lair of Beasts)
 Q - a wand of mindburst (11)
   (You found it on level 14 of the Dungeon)
Scrolls
 e - 6 scrolls of teleportation {@r4}
 f - 10 scrolls of identify {@r1}
 C - 2 scrolls of enchant armour
 P - a scroll of fog
 R - a scroll of silence {!r!r}
 S - a scroll of magic mapping {unknown}
 T - a scroll of brand weapon
Potions
 p - 3 potions of resistance
 t - 6 potions of mutation {!q!q}
 v - 7 potions of flight
 E - 9 potions of attraction {!q}
 F - 4 potions of berserk rage {!q!q}
 I - a potion of might
 U - 2 potions of ambrosia {!q}
 W - 3 potions of curing {@q1}
Miscellaneous
 k - a condenser vane (inert)
   (You found it on level 5 of the Lair of Beasts)
 l - a lightning rod (1/4) {!a}
   (You found it on level 12 of the Dungeon)
 s - a piece from Xom's chessboard (15/15)
   (You found it on level 5 of the Lair of Beasts)
 J - a lightning rod (1/4) {!a}
   (You found it on level 11 of the Dungeon)
 M - a phial of floods
   (You found it on level 11 of the Dungeon)
 O - a phantom mirror
   (You found it on level 1 of the Swamp)


   Skills:
 + Level 9.8 Fighting
 + Level 9.1 Dodging
 - Level 1.7 Stealth
 - Level 10.0 Spellcasting
 * Level 16.5 Conjurations
 - Level 5.0 Hexes
 - Level 5.0 Summonings
 - Level 5.0 Translocations
 * Level 15.7 Air Magic


You had 4 spell levels left.
You knew the following spells:

 Your Spells              Type           Power      Damage    Failure   Level
c - Lightning Bolt        Conj/Air       49%        1d69      1%          5
i - Airstrike             Air            48%        2d(7-23)  1%          4
u - Arcjolt               Conj/Air       49%        1d59      1%          5
v - Iskenderun's Mystic   Conj/Tloc      62%        2d13      1%          4
x - Searing Ray           Conj           100%       2d8       0%          2
y - Summon Lightning Spi  Summ/Air       79%        N/A       1%          4
z - Shock                 Conj/Air       100%       1d9       0%          1
X - Static Discharge      Conj/Air       100%       2-7/arc   0%          2
Z - Fulminant Prism       Conj/Hex       31%        3d16      1%          4

Your spell library contained the following spells:

 Spells                   Type           Power      Damage    Failure   Level
 Magic Dart               Conj           100%       1d8       0%          1
 Apportation              Tloc           78%        N/A       1%          1
 Kiss of Death            Conj/Necr      100%       2d13      1%          1
 Slow                     Hex            100%       N/A       1%          1
 Summon Small Mammal      Summ           100%       N/A       1%          1
 Blink                    Tloc           78%        N/A       1%          2
 Cigotuvi's Dreadful Rot  Necr/Pois/Air  100%       N/A       1%          2
 Poisonous Vapours        Pois/Air       100%       N/A       1%          2
 Call Canine Familiar     Summ           39%        N/A       1%          3
 Confusing Touch          Hex            39%        N/A       1%          3
 Dazzling Flash           Conj/Hex       100%       N/A       1%          3
 Hailstorm                Conj/Ice       54%        3d12      1%          3
 Swiftness                Air            97%        N/A       1%          3
 Vhi's Electric Charge    Tloc/Air       100%       N/A       1%          3
 Flame Wave               Conj/Fire      54%        2d13      1%          4
 Sticky Flame             Conj/Fire      54%        2d7       1%          4
 Ensorcelled Hibernation  Hex/Ice        52%        N/A       2%          2
 Freeze                   Ice            52%        1d6       4%          1
 Necrotise                Necr           52%        1d6       4%          1
 Sting                    Tmut/Pois      52%        1d5       4%          1
 Inner Flame              Hex/Fire       26%        N/A       4%          3
 Manifold Assault         Tloc           39%        N/A       6%          4
 Passwall                 Tmut/Erth      10%        N/A       7%          2
 Sublimation of Blood     Necr           13%        N/A       7%          2
 Frozen Ramparts          Ice            26%        1d4       14%         3
 Vampiric Draining        Necr           13%        2d6       14%         3
 Anguish                  Hex/Necr       13%        N/A       16%         4
 Dispel Undead            Necr           13%        3d9       41%         4
 Ice Form                 Ice/Tmut       13%        N/A       41%         4
 Olgreb's Toxic Radiance  Pois           13%        N/A       41%         4
 Petrify                  Tmut/Erth      13%        N/A       41%         4
 Irradiate                Conj/Tmut      27%        3d20      4%          5
 Borgnjor's Vile Clutch   Necr/Erth      6%         N/A       77%         5
 Storm Form               Tmut/Air       34%        N/A       83%         7
 Enfeeble                 Hex            19%        N/A       99%         7
 Death Channel            Necr           6%         N/A       100%        6
 Animate Dead             Necr           Unusable   N/A       N/A         4
 Simulacrum               Ice/Necr       Unusable   N/A       N/A         6

Dungeon Overview and Level Annotations

Branches:
Dungeon (15/15)            Temple (1/1) D:7            Lair (5/5) D:10
  Swamp (3/4) Lair:3       Spider (0/4) Lair:3        Slime (0/5) Lair:4
    Orc (2/2) D:9             Elf (0/3) Orc:2        Vaults (0/5) D:13
 Depths (0/4) D:15         Bailey (visited)

Altars:
Ashenzari
Dithmenos
Fedhas
Gozag
Hepliaklqana
Kikubaaqudgha
Makhleb
Nemelex Xobeh
Okawaru
Qazlal
Ru
Trog
Uskayaw
Vehumet
Jiyva
Lugonu

Shops:
D:10 !   Orc:2 !([(   Lair:1 *[

Portals:
Abyss: Lair:2 Lair:5

Annotations:
D:13 5 runed translucent doors
Swamp:3 Mlioglotl


Innate Abilities, Weirdness & Mutations

You have a pair of large antennae on your head. (SInv)
A meltable icy envelope protects you from harm. (AC +4)
You regenerate magic rapidly.
You are completely covered in razor-sharp scales. (AC +3, Slay +3)
A meltable shield of frost defends you. (SH +4)
Your presence sometimes corrodes those you injure.
You are somewhat resistant to further mutation.
You are covered in fur. (AC +1)


Message History

The dread lich shouts!
A chorus of shrieks assaults your mind.
* * * LOW HITPOINT WARNING * * *
Your lightning spire shoots out a bolt of lightning at the starcursed mass!
The bolt of electricity hits the starcursed mass!!
The bolt of electricity hits the demonic crawler!
The starcursed mass shudders and withdraws towards its neighbour. 2 starspawn tentacles come into view.
The will-o-the-wisp gestures.
The will-o-the-wisp conjures some foxfire!
The starspawn tentacle grabs something.
The starspawn tentacle constricts something.
You feel much better.
A foxfire comes into view.
The harpy zombie claws something but does no damage. x2
The starspawn tentacle loses its grip on something.
Mlioglotl churns violently!
Mlioglotl corrupts the dungeon around him!
You erupt in a blast of force!
The mystic blast hits the demonic crawler!
The demonic crawler is knocked back by the mystic blast.
The demonic crawler collides with the starspawn tentacle!
The mystic blast hits the starcursed mass!!
The starcursed mass is knocked back by the mystic blast.
The starcursed mass collides with the quasit!
The mystic blast hits Mlioglotl!
Mlioglotl is knocked back by the mystic blast.
Mlioglotl collides with the starcursed mass!
The starcursed mass shudders and withdraws towards its neighbour.
The harpy zombie claws something but does no damage. x2
A starcursed mass splits.
The will-o-the-wisp gestures.
The will-o-the-wisp conjures some foxfire!
The harpy zombie claws something but does no damage. x2
A foxfire comes into view.
You enter the shallow water.
Moving in this stuff is going to be slow.
You are no longer terrified.
The harpy zombie claws your lightning spire but does no damage.
The harpy zombie claws your lightning spire.
Really blast near your lightning spire?
Okay, then.
A foxfire comes into view.
The tentacled starspawn bites your lightning spire!!
The tentacled starspawn tentacle-slaps your lightning spire.
Your lightning spire shoots out a bolt of lightning at the tentacled starspawn!
The bolt of electricity hits the tentacled starspawn!!
Mlioglotl barely misses you. Mlioglotl tramples you!
You stumble backwards!
A starcursed mass splits.
You erupt in a blast of force!
The mystic blast hits the demonic crawler!
The demonic crawler is knocked back by the mystic blast.
The mystic blast hits the harpy zombie!
The mystic blast hits Mlioglotl.
Your corrupting presence corrodes Mlioglotl!
Mlioglotl is knocked back by the mystic blast.
The black draconian breathes lightning at you.
The bolt of lightning hits you! You resist.
* * * LOW HITPOINT WARNING * * *
A chorus of shrieks assaults your mind.
* * * LOW HITPOINT WARNING * * *
A starcursed mass splits.
As you read the scroll of fog, it crumbles to dust.
The scroll dissolves into smoke.
The harpy zombie claws you!
* * * LOW HITPOINT WARNING * * *
The harpy zombie claws you.
* * * LOW HITPOINT WARNING * * *
Your lightning spire shoots out a bolt of lightning at the tentacled starspawn!
The bolt of electricity hits the tentacled starspawn!!
The bolt of electricity hits the black draconian.
The black draconian completely resists.
The bolt of electricity hits the smoke demon!!
The harpy zombie claws you but does no damage. x2
The smoke demon gestures at your lightning spire.
Your lightning spire is smitten.
Something hits your lightning spire!
Your lightning spire is destroyed!
Your lightning spire disappears in a puff of smoke!
The harpy zombie attacks as you move away!
The harpy zombie closely misses you. The harpy zombie completely misses you.
You enter the shallow water.
Moving in this stuff is going to be slow.
You block the harpy zombie's attack. The harpy zombie closely misses you.
You feel better.
The harpy zombie claws you but does no damage.
The harpy zombie closely misses you.
As you read the scroll of teleportation {@r4}, it crumbles to dust.
You feel strangely unstable. The harpy zombie claws you.
* * * LOW HITPOINT WARNING * * *
The harpy zombie claws you but does no damage.
Mlioglotl churns violently!
Mlioglotl corrupts the dungeon around him!
The harpy zombie claws you!
* * * LOW HITPOINT WARNING * * *
The harpy zombie claws you but does no damage.
The harpy zombie attacks as you move away!
The harpy zombie claws you!
You die...
Your body crumbles into a pile of gold.

♣..~~~~<~~~.2{~X.~§~~..~.~.♣♣
♣~~..~.~#~.w§~~{♣.~~~.~~♣~~~~~.~
♣..[..~$~[{#§~{{{♣.~~~♣~~~~~~~.~
♣~~...~~~~~~~~{~{♣{{~.~~~~~~♣♣♣.
♣..#.~~§~.~~~~§{{♣§§.~~~~~.~~♣
~~$~~~~~~.~~.~.§{{§§...~..~.♣♣
..~~.§..~.~~.~§§§♣X§~~.~.~§§♣
...~~.♣♣♣♣.~.§§§W§§§§..~~~~.♣
...~~. ♣~~.~§§@Z§~~~.~~~..♣ .~~♣
♣...♣§~~§.~~~...~♣.♣ ♣.♣
♣..♣♣..~~~.~~~)~(♣.♣ ♣<♣ ♣~~
♣♣.~~~~..~)~.♣ ~~t8X♣ .♣
♣~§~~~♣~~~.<♣♣ §~.X§♣
♣♣.~~.♣.~~~.~♣ #~~.~♣
♣.:~....~.♣♣♣ ....$♣ ♣♣~~.♣~~~.♣
$ .~§..♣ ♣♣..~~~.♣


You could see Mlioglotl (strong, corroded), a wraith (summoned, wandering) and a
harpy zombie (summoned).

Vanquished Creatures
  A ghoul (Swamp:2)
  An eleionoma (Swamp:2)
  A bunyip (Swamp:1)
  6 hydras
  2 vault guards (D:13)
  A death knight (D:14)
  A rakshasa (D:13)
  A ghost crab (Swamp:1)
  6 centaur warriors
  4 boulder beetles
  9 death yaks
  4 alligators
  A thrashing horror (Lair:5)
  Urug (D:12)
  An orc high priest (Orc:1)
  Sonja (D:11)
  2 goliath frogs
  A goliath frog (shapeshifter) (D:13)
  A death drake (shapeshifter) (D:15)
  A skeletal warrior (D:14)
  4 bog bodies
  4 spriggan druids
  3 swamp dragons
  An orc knight (Bailey)
  A wizard (D:15)
  A wolf spider (D:13)
  A deep elf pyromancer (D:15)
  A deep elf zephyrmancer (D:13)
  3 cyclopes (D:15)
  3 orc sorcerers (Orc:2)
  An ugly thing (D:12)
  8 elephants
  2 manticores
  Maurice (Orc:1)
  A will-o-the-wisp (Swamp:1)
  A naga mage (D:15)
  2 torpor snails
  5 cane toads
  A gargoyle (D:12)
  2 unseen horrors
  2 freezing wraiths (D:14)
  2 rime drakes
  A komodo dragon (Lair:4)
  2 ancient zymes (Lair:5)
  3 meliai (D:14)
  3 trolls
  3 polar bears
  5 tyrant leeches
  6 hornets
  8 blink frogs (Lair:5)
  2 shadows (D:11)
  Sigmund (D:6)
  A centaur simulacrum (D:15)
  7 spriggans (Swamp:2)
  25 yaks
  6 slime creatures (D:15)
  A vampire (D:12)
  2 wyverns
  4 hogs (Swamp:3)
  2 wraiths
  3 ynoxinuls (Lair:5)
  3 basilisks
  19 vampire mosquitoes
  3 swamp worms
  2 large abominations (Lair:5)
  5 water moccasins
  13 orc warriors
  A meliai simulacrum (D:15)
  An ice beast (D:7)
  2 sky beasts
  A black bear (D:6)
  A swamp drake (Swamp:2)
  14 centaurs
  6 ogres
  4 bullfrogs
  2 kobold brigands
  A gnoll sergeant (D:10)
  2 necrophages
  4 scorpions
  6 small abominations (Lair:5)
  3 wights (D:7)
  A killer bee (D:10)
  3 howler monkeys (D:7)
  2 jellies (D:6)
  Crazy Yiuf (D:7)
  9 orc priests
  A gnoll bouda (D:5)
  2 hounds
  Ijyb (D:4)
  5 iguanas
  23 orc wizards
  Robin (D:2)
  14 gnolls
  6 adders
  A white imp (D:6)
  An ufetubus (D:6)
  2 worms
  2 dart slugs
  63 orcs
  4 endoplasms
  5 giant cockroaches
  14 goblins
  11 hobgoblins
  6 jackals
  6 quokkas
  3 ball pythons
  6 bats
  3 frilled lizards
  14 kobolds
  6 rats
  A lurking horror (Lair:2)
491 creatures vanquished.

Vanquished Creatures (collateral kills)
  Kirke (Swamp:2)
  Louise (Swamp:3)
  A ghoul (Swamp:2)
  An eleionoma (Swamp:3)
  An ettin (Orc:2)
  Snorg (D:10)
  A fire dragon (D:13)
  6 vault guards (D:13)
  An ice dragon (D:13)
  4 hydras
  3 centaur warriors
  2 boulder beetles
  2 catoblepae
  4 alligators
  2 two-headed ogres
  9 death yaks
  An orc high priest (Orc:2)
  A thrashing horror (Lair:5)
  A skyshark (Lair:3)
  Amaemon (D:8)
  A spriggan druid (Swamp:2)
  A bog body (Swamp:1)
  2 ugly things
  3 orc sorcerers (Orc:2)
  2 will-o-the-wisps
  2 elephants
  A naga mage (D:15)
  3 black mambas
  A smoke demon (Lair:5)
  A centaur skeleton (D:15)
  3 gargoyles
  An orange demon (D:8)
  5 cane toads
  2 komodo dragons
  An ancient zyme (Lair:5)
  A freezing wraith (D:14)
  4 rime drakes
  3 tyrant leeches
  A troll (D:11)
  A polar bear (Lair:5)
  8 hornets
  3 blink frogs (Lair:5)
  3 slime creatures (D:15)
  31 yaks
  4 spriggans
  A vampire (D:11)
  A wraith (D:13)
  A ynoxinul (Lair:5)
  2 basilisks
  3 chaos spawn (Lair:5)
  A small abomination (Lair:5)
  4 vampire mosquitoes
  A steam dragon (D:9)
  A warg (Orc:1)
  7 swamp worms
  2 acid dragons (D:12)
  A large abomination (Lair:5)
  4 water moccasins
  18 orc warriors
  A hornet zombie (D:15)
  A black bear (Lair:1)
  3 ogres (Orc:1)
  10 centaurs
  10 bullfrogs
  A gnoll sergeant (D:8)
  4 scorpions (Lair:3)
  A hornet simulacrum (D:13)
  5 killer bees (D:10)
  2 howler monkeys
  6 orc priests
  12 orc wizards
  6 gnolls
  2 worms (Lair:3)
  42 orcs
  2 giant cockroaches (Lair:3)
  2 kobolds (D:9)
289 creatures vanquished.

Vanquished Creatures (others)
  An elephant (Lair:5)
  3 bushes (D:15)
  28 foxfires
  34 fulminant prisms
  31 fungi
  A lurking horror (Lair:2)
  42 plants
  2 starspawn tentacles (Swamp:3)
142 creatures vanquished.

Grand Total: 922 creatures vanquished

Notes
Turn   | Place    | Note
-------+----------+-------------------------------------------
     0 | D:1      | domi the Demonspawn Conjurer began the quest for the Orb.
     0 | D:1      | Reached XP level 1. HP: 13/13 MP: 3/3
   299 | D:1      | Gained mutation: A meltable shield of frost defends you.
                  | (SH +4) [demonic ancestry]
   299 | D:1      | Reached XP level 2. HP: 19/19 MP: 1/5
   454 | D:1      | Found a faded altar of an unknown god.
   462 | D:1      | Got Plato's Tome of the Iceberg
   489 | D:1      | Learned a level 2 spell: Searing Ray
  1040 | D:2      | Reached skill level 5 in Conjurations
  1040 | D:2      | Gained mutation: You have a pair of small antennae on your
                  | head. [demonic ancestry]
  1040 | D:2      | Reached XP level 3. HP: 24/24 MP: 0/6
  1324 | D:2      | Noticed Robin
  1339 | D:2      | Killed Robin
  1340 | D:2      | Gained mutation: You have a pair of antennae on your head.
                  | [demonic ancestry]
  1340 | D:2      | Reached XP level 4. HP: 14/30 MP: 2/7
  1401 | D:2      | Learned a level 4 spell: Fulminant Prism
  1565 | D:2      | Noticed a scorpion
  1572 | D:2      | Killed a scorpion
  1573 | D:2      | Reached skill level 6 in Conjurations
  1573 | D:2      | Reached skill level 1 in Hexes
  1573 | D:2      | Reached XP level 5. HP: 16/35 MP: 0/8
  1884 | D:2      | You fall into a shaft and drop 2 floors!
  1884 | D:4      | Found a hide-covered altar of Uskayaw.
  2003 | D:3      | Reached skill level 2 in Hexes
  3306 | D:4      | Reached skill level 3 in Hexes
  3306 | D:4      | Gained mutation: You have a pair of large antennae on your
                  | head. (SInv) [demonic ancestry]
  3306 | D:4      | Reached XP level 6. HP: 30/41 MP: 1/9
  3566 | D:4      | Reached skill level 7 in Conjurations
  3747 | D:4      | Noticed Ijyb
  3900 | D:4      | Found a radiant altar of Vehumet.
  3906 | D:4      | Reached skill level 4 in Hexes
  4026 | D:4      | Reached XP level 7. HP: 44/46 MP: 7/10
  4443 | D:4      | HP: 10/46 [Ijyb/bolt of dispelling energy (22)]
  4446 | D:4      | Killed Ijyb
  4577 | D:5      | Entered Level 5 of the Dungeon
  4816 | D:5      | Reached skill level 1 in Air Magic
  4922 | D:5      | Learned a level 2 spell: Static Discharge
  5110 | D:5      | Reached skill level 5 in Hexes
  5110 | D:5      | Reached skill level 2 in Air Magic
  5330 | D:5      | Reached skill level 8 in Conjurations
  5545 | D:5      | Reached XP level 8. HP: 52/52 MP: 4/11
  5885 | D:6      | Noticed Sigmund
  5893 | D:6      | Killed Sigmund
  5894 | D:6      | Reached skill level 3 in Air Magic
  6035 | D:6      | Reached skill level 3 in Spellcasting
  6345 | D:6      | Reached skill level 4 in Air Magic
  6778 | D:6      | Reached skill level 4 in Spellcasting
  6855 | D:6      | Learned a level 4 spell: Summon Lightning Spire
  7055 | D:6      | Reached skill level 1 in Summonings
  7188 | D:7      | Reached skill level 5 in Air Magic
  7291 | D:7      | HP: 12/52 [ice beast (2)]
  7291 | D:7      | HP: 4/52 [ice beast (8)]
  7293 | D:7      | Reached skill level 2 in Summonings
  7471 | D:7      | Found a staircase to the Ecumenical Temple.
  7479 | Temple   | Entered the Ecumenical Temple
  7498 | Temple   | Became a worshipper of Gozag Ym Sagoz the Greedy
  7518 | D:7      | Gained mutation: You are partially covered in razor-sharp
                  | scales. (AC +1, Slay +1) [demonic ancestry]
  7518 | D:7      | Reached XP level 9. HP: 57/57 MP: 8/16
  7989 | D:7      | Identified the +8 hammer of Doubt {flame, rF+ Int+2}
  7992 | D:7      | Identified the +6 hammer of Compound Interest {spect,
                  | Int+2}
  7995 | D:7      | Found a runed translucent door.
  7996 | D:7      | Noticed Crazy Yiuf
  8156 | D:7      | Reached skill level 5 in Spellcasting
  8312 | D:7      | Reached skill level 3 in Summonings
  8396 | D:7      | Learned a level 5 spell: Lightning Bolt
  8534 | D:7      | HP: 11/57 [/static electricity (5)]
  8535 | D:7      | HP: 5/57 [/static electricity (4)]
  8536 | D:7      | Reached skill level 6 in Air Magic
  9222 | D:7      | Killed Crazy Yiuf
  9293 | D:7      | Identified the +8 hammer of Magnificence {heavy, rN++
                  | Str-2}
  9376 | D:8      | Noticed Amaemon
  9388 | D:8      | Reached skill level 4 in Summonings
  9640 | D:8      | Got the Vademecum on Charred Beckoning
  9795 | D:8      | Reached skill level 5 in Summonings
  9795 | D:8      | Reached skill level 7 in Air Magic
 10185 | D:8      | Noticed an orange demon
 10193 | D:8      | Killed an orange demon
 10194 | D:8      | Reached skill level 8 in Air Magic
 10197 | D:8      | HP: 8/57 [Amaemon/+1 demon whip of venom (9)]
 10198 | D:8      | Gained mutation: You are somewhat resistant to further
                  | mutation. [potion of mutation]
 10198 | D:8      | Gained mutation: You are covered in fur. (AC +1) [potion of
                  | mutation]
 10198 | D:8      | HP: 3/57 [poisoned by Amaemon]
 10198 | D:8      | Killed Amaemon
 10199 | D:8      | Gained mutation: You regenerate magic rapidly. [demonic
                  | ancestry]
 10199 | D:8      | Reached XP level 10. HP: 4/63 MP: 17/17
 10945 | D:9      | Found a staircase to the Orcish Mines.
 11241 | D:9      | Noticed a green ugly thing
 11245 | D:9      | Killed a green ugly thing
 11246 | D:9      | Reached skill level 9 in Conjurations
 11367 | D:9      | Reached skill level 9 in Air Magic
 11816 | D:10     | Entered Level 10 of the Dungeon
 11838 | D:10     | Reached skill level 10 in Conjurations
 11840 | D:10     | Found a staircase to the Lair.
 11875 | D:10     | Paralysed by a hornet for 3 turns
 11878 | D:10     | Noticed a gargoyle
 12061 | D:10     | Found Gehamm's Distillery.
 12086 | D:10     | Bought 2 potions of heal wounds for 140 gold pieces
 12086 | D:10     | Bought a potion of curing for 42 gold pieces
 12086 | D:10     | Bought a potion of haste for 140 gold pieces
 12086 | D:10     | Bought a potion of attraction for 42 gold pieces
 12086 | D:10     | Bought a potion of brilliance for 56 gold pieces
 12086 | D:10     | Bought a potion of degeneration for 14 gold pieces
 12155 | D:10     | Reached skill level 10 in Air Magic
 12217 | D:10     | Reached skill level 2 in Dodging
 12219 | D:10     | Gained mutation: You are mostly covered in razor-sharp
                  | scales. (AC +2, Slay +2) [demonic ancestry]
 12219 | D:10     | Reached XP level 11. HP: 56/69 MP: 10/18
 12226 | D:10     | Reached skill level 1 in Fighting
 12281 | D:10     | Noticed Snorg
 12288 | D:10     | Killed Snorg
 12324 | D:10     | Found a flagged portal.
 12333 | Bailey   | Entered a bailey
 12392 | Bailey   | Noticed an orc knight
 12403 | Bailey   | Killed an orc knight
 12501 | Bailey   | Reached skill level 2 in Fighting
 12576 | Bailey   | Found a large runed translucent door.
 12576 | Bailey   | Found a large runed translucent door.
 12579 | Bailey   | Noticed a deep elf pyromancer
 13217 | D:10     | Reached skill level 3 in Dodging
 13428 | Lair:1   | Entered Level 1 of the Lair of Beasts
 14876 | Lair:1   | Bought a runed scarf for 232 gold pieces
 14876 | Lair:1   | Bought a glowing robe for 107 gold pieces
 15016 | Lair:2   | Reached skill level 3 in Fighting
 15016 | Lair:2   | Reached skill level 11 in Conjurations
 15407 | Lair:2   | Reached skill level 11 in Air Magic
 15599 | Lair:2   | Reached skill level 6 in Spellcasting
 15600 | Lair:1   | HP: 16/75 [poisoned by a black mamba]
 15605 | Lair:1   | HP: 13/75 [poisoned by a black mamba]
 16322 | Lair:2   | Reached skill level 4 in Dodging
 16322 | Lair:2   | Reached XP level 12. HP: 79/83 MP: 18/21
 16344 | Lair:2   | Found a corrupted altar of Lugonu.
 16485 | Lair:2   | Identified the +10 rapier "Neyreene" {spect, Int+3 Dex-5
                  | SInv}
 16639 | Lair:2   | Found a one-way gate to the infinite horrors of the Abyss.
 17236 | Lair:3   | Reached skill level 4 in Fighting
 17266 | Lair:3   | Learned a level 5 spell: Arcjolt
 17285 | Lair:3   | Found a staircase to the Swamp.
 17811 | Lair:3   | Found a hole to the Spider Nest.
 17833 | Lair:3   | Noticed a six-headed hydra
 17836 | Lair:3   | Killed a six-headed hydra
 18232 | Lair:4   | Noticed a death yak
 18237 | Lair:4   | Noticed a death yak
 18238 | Lair:4   | Killed a death yak
 18245 | Lair:4   | Noticed a death yak
 18247 | Lair:4   | Noticed a death yak
 18247 | Lair:4   | Noticed a death yak
 18359 | Lair:4   | Reached skill level 12 in Conjurations
 18731 | Lair:4   | Killed a death yak
 18842 | Lair:4   | Noticed a five-headed hydra
 19131 | Lair:3   | Killed a five-headed hydra
 19232 | Lair:3   | Found a hole to the Spider Nest.
 19462 | Lair:3   | Found a staircase to the Swamp.
 19814 | Lair:3   | Reached skill level 5 in Fighting
 19814 | Lair:3   | Reached skill level 12 in Air Magic
 19909 | Lair:3   | Killed a death yak
 19910 | Lair:3   | Reached skill level 5 in Dodging
 19913 | Lair:3   | HP: 17/86 [death yak (12)]
 19915 | Lair:3   | Killed a death yak
 20166 | Lair:3   | Reached skill level 7 in Spellcasting
 20167 | Lair:3   | Killed a death yak
 20415 | Lair:4   | Found a staircase to the Slime Pits.
 20416 | Lair:4   | Found a viscous altar of Jiyva.
 20471 | Lair:4   | Noticed a boulder beetle
 20486 | Lair:4   | Killed a boulder beetle
 20641 | Lair:4   | Noticed a death yak
 20643 | Lair:4   | Gained mutation: You are completely covered in razor-sharp
                  | scales. (AC +3, Slay +3) [demonic ancestry]
 20643 | Lair:4   | Reached XP level 13. HP: 92/92 MP: 15/23
 20726 | Lair:4   | Reached skill level 6 in Fighting
 20735 | Lair:4   | Reached skill level 13 in Conjurations
 20762 | Lair:4   | HP: 17/93 [death yak[a torpor snail] (19)]
 21588 | Lair:5   | Entered Level 5 of the Lair of Beasts
 21652 | Lair:5   | Reached skill level 6 in Dodging
 21858 | Lair:5   | Reached skill level 13 in Air Magic
 22117 | Lair:5   | Found a sparkling altar of Nemelex Xobeh.
 22147 | Lair:5   | HP: 22/95 [elephant (6)]
 22150 | Lair:5   | Reached skill level 8 in Spellcasting
 22192 | Lair:5   | Learned a level 4 spell: Iskenderun's Mystic Blast
 23052 | Lair:5   | Reached skill level 1 in Translocations
 23063 | Lair:5   | Reached skill level 7 in Fighting
 23083 | Lair:5   | Gained mutation: A meltable icy envelope protects you from
                  | harm. (AC +4) [demonic ancestry]
 23083 | Lair:5   | Reached XP level 14. HP: 91/103 MP: 10/26
 23443 | Lair:5   | Found the +8 autumn katana {manifold assault}
 23469 | Lair:5   | Learned a level 1 spell: Shock
 24120 | Lair:5   | Reached skill level 14 in Conjurations
 24474 | Lair:5   | Found a corrupted altar of Lugonu.
 24765 | Orc:1    | Entered Level 1 of the Orcish Mines
 24790 | Orc:1    | Noticed Maurice
 24810 | Orc:1    | Killed Maurice
 24958 | Orc:1    | Reached skill level 2 in Translocations
 25509 | Orc:2    | Entered Level 2 of the Orcish Mines
 25569 | Orc:2    | Reached skill level 7 in Dodging
 26126 | Orc:2    | Found a staircase to the Elven Halls.
 26207 | Orc:2    | Found Ciece's Antique Armour Shoppe.
 26207 | Orc:2    | Found Goipn's Antique Weapon Shoppe.
 26208 | Orc:2    | Found Fiaxkij's Weapon Emporium.
 26212 | Orc:2    | Found Gelaxt's Distillery.
 26218 | Orc:2    | Bought 2 potions of berserk rage for 130 gold pieces
 26218 | Orc:2    | Bought a potion of might for 52 gold pieces
 27331 | D:11     | Noticed Sonja
 27335 | D:11     | Killed Sonja
 27504 | D:11     | Reached skill level 3 in Translocations
 28084 | D:12     | Reached skill level 14 in Air Magic
 28246 | D:12     | Noticed Urug
 28336 | D:12     | Killed Urug
 29916 | D:13     | Reached skill level 8 in Fighting
 31056 | D:13     | Reached skill level 9 in Spellcasting
 31259 | D:13     | Reached XP level 15. HP: 110/110 MP: 1/28
 31532 | D:13     | Found a runed translucent door.
 31553 | D:13     | Reached skill level 15 in Conjurations
 31615 | D:13     | Reached skill level 4 in Translocations
 31889 | D:13     | Found a runed translucent door.
 31906 | D:13     | Found a runed translucent door.
 31906 | D:13     | Found a runed translucent door.
 31906 | D:13     | Found a runed translucent door.
 32020 | D:13     | Found a gate to the Vaults.
 33047 | D:14     | HP: 22/100 [centaur warrior (10)]
 33249 | D:14     | Learned a level 4 spell: Airstrike
 33491 | D:14     | Reached skill level 8 in Dodging
 33922 | D:15     | Entered Level 15 of the Dungeon
 33965 | D:15     | HP: 23/110 [centaur warrior/arrow (5)]
 33967 | D:15     | HP: 7/110 [centaur warrior/arrow (11)]
 34018 | D:15     | HP: 19/112 [centaur warrior/staff of fire (11)]
 34029 | D:15     | HP: 3/112 [centaur warrior/arrow (19)]
 34664 | D:15     | Found a bloodstained altar of Trog.
 34868 | D:15     | HP: 27/112 [poisoned by a death drake (dark miasma)]
 34873 | D:15     | HP: 22/112 [poisoned by a death drake (dark miasma)]
 35652 | D:15     | Found a staircase to the Depths.
 36013 | Swamp:1  | Entered Level 1 of the Swamp
 36044 | Swamp:1  | Reached skill level 5 in Translocations
 36047 | Swamp:1  | Reached skill level 15 in Air Magic
 36096 | Swamp:1  | Reached skill level 9 in Fighting
 36596 | Swamp:1  | HP: 24/113 [alligator (17)]
 36596 | Swamp:1  | HP: 8/113 [alligator (16)]
 37507 | Swamp:2  | Gained mutation: Your presence sometimes corrodes those you
                  | injure. [demonic ancestry]
 37507 | Swamp:2  | Reached XP level 16. HP: 116/120 MP: 15/29
 37651 | Swamp:2  | Reached skill level 16 in Conjurations
 38023 | Swamp:2  | Reached skill level 10 in Spellcasting
 38788 | Swamp:3  | Noticed Kirke
 38795 | Swamp:3  | Noticed Louise
 39016 | Swamp:3  | Reached skill level 9 in Dodging
 39065 | Swamp:3  | Noticed Mlioglotl
 39155 | Swamp:2  | Noticed a sphinx
 39324 | Swamp:2  | Killed Kirke
 39709 | Swamp:3  | Killed Louise
 39876 | Swamp:3  | Noticed a tentacled starspawn
 39883 | Swamp:3  | Noticed a dread lich
 39883 | Swamp:3  | HP: 23/117 [starcursed mass/accursed screaming[Mlioglotl]
                  | (9)]
 39889 | Swamp:3  | HP: 27/117 [black draconian/bolt of lightning[Mlioglotl]
                  | (11)]
 39890 | Swamp:3  | HP: 10/117 [harpy zombie[Mlioglotl] (7)]
 39895 | Swamp:3  | HP: 4/117 [harpy zombie[Mlioglotl] (8)]
 39897 | Swamp:3  | Slain by a harpy zombie

Illustrated notes

Levels and vault maps discovered:
D:1:      dpeg_arrival_line_fractal, layout_rooms,
          shapermc_ecumenical_altar_rom_forum, minivault_27,
          minmay_misc_feat_secret_circle
D:2:      layout_basic, nicolae_grassy_gnolls, uniq_robin
D:3:      layout_basic, minmay_misc_feat_roman, minmay_hedge_maze
D:4:      layout_rooms, mainiacjoe_overflow_catwalk_spiral,
          portal_sewer_entry_f, nicolae_figureground_pulse, uniq_ijyb
D:5:      layout_loops_ring
D:6:      layout_loops_corners, grunt_decor_mini_mirrors, uniq_sigmund
D:7:      layout_basic, minmay_temple_entry_ruins, uniq_crazy_yiuf_cottage
D:8:      layout_gridville, uniq_amaemon
D:9:      layout_loops_corners, david_orc_2
D:10:     layout_big_octagon, lair_entry_dummy, enter_bailey_2, serial_shops,
          nicolae_stop_n_shop_2, uniq_snorg
D:11:     layout_layer_cave, uniq_sonja
D:12:     layout_long_grid, uniq_urug
D:13:     minmay_the_grid_triangle_9x9_rhombus_thin
          [minmay_the_grid_triangle_9x9_fully_insulated_deathbox,
          minmay_the_grid_triangle_9x9_prize_insulated,
          minmay_the_grid_triangle_9x9_tough_junction,
          minmay_the_grid_triangle_9x9_checkered], layout_long_grid,
          erik_vaults_2
D:14:     layout_roguey, serial_park_tiny_2, dreamdust_wasp_nest
D:15:     grunt_enter_depths_magical_seal, layout_loops_ring,
          gauntlet_entry_generic, chequers_hall_statues_corner_a,
          nrook_mini_vaults, trog_ov_bears_minmay
Temple:   nicolae_temple_bog_church
Lair:1:   layout_layer_cave
Lair:2:   layout_small_grid, amcnicky_altar_lugonu_corruption,
          grunt_megastairs_5, serial_bayou_shore_b
Lair:3:   layout_roguey, minmay_swamp_entry_worms,
          nicolae_spider_entry_non_spiders
Lair:4:   layout_big_grid, slime_entry_1
Lair:5:   hellmonk_lair_end_abyssal_woods, layout_loops_ring, basic_altar,
          infiniplex_staircase_pool
Swamp:1:  layout_basic_swamp, portal_ice_cave_entry_pillars_1,
          nicolae_swamp_treefoil
Swamp:2:  layout_basic_swamp, evilmike_swamp_ruin_rubble_2
Swamp:3:  layout_falls_marsh, evilmike_swamp_ruin_wall, uniq_kirke, uniq_louise,
          uniq_mlioglotl, uniq_mara
Orc:1:    layout_caves, lemuel_statue_altar, uniq_maurice
Orc:2:    st_orc_mages, layout_caves, basic_altar

Skill      XL: |  1  2  3  4  5  6  7  8  9 10 11 12 13 14 15 16 |
---------------+-------------------------------------------------+-----
Conjurations   | 5 6 7 8 10 11 12 13 14 15 16 | 16.5
Hexes          | 1 3 4 5 |  5.0
Air Magic      | 2 5 8 10 11 12 13 14 15 | 15.7
Spellcasting   | 4 5 6 7 8 9 10 | 10.0
Summonings     | 2 5 |  5.0
Dodging        | 2 4 5 6 7 8 9 |  9.1
Fighting       | 3 5 7 8 9 |  9.8
Translocations | 1 3 5 |  5.0
Stealth        | |  1.7

Action                     |  1- 3 |  4- 6 |  7- 9 | 10-12 | 13-15 | 16-18 || total
---------------------------+-------+-------+-------+-------+-------+-------++-------
  Melee: Spear             |    24 |    65 |    55 |       |       |       ||   144
         Demon whip        |       |       |       |    81 |   158 |       ||   239
         Punch             |       |       |       |       |     1 |       ||     1
         Staff             |       |       |       |       |     8 |    10 ||    18
   Cast: Magic Dart        |    58 |    85 |    60 |    12 |     2 |       ||   217
         Searing Ray       |     1 |    10 |    41 |     9 |       |    16 ||    77
         Fulminant Prism   |       |     2 |     3 |     2 |    26 |     1 ||    34
         Static Discharge  |       |       |    27 |    21 |       |       ||    48
         Summon Lightning  |       |       |    10 |    82 |   171 |    25 ||   288
         Lightning Bolt    |       |       |     1 |    67 |   205 |    38 ||   311
         Arcjolt           |       |       |       |       |    72 |    12 ||    84
         Shock             |       |       |       |       |    70 |       ||    70
         Iskenderun's Myst |       |       |       |       |     3 |     7 ||    10
         Airstrike         |       |       |       |       |    10 |    15 ||    25
 Invoke: Call Merchant     |       |       |       |     1 |     1 |       ||     2
  Evoke: Wand              |       |       |     3 |     1 |    17 |       ||    21
         Condenser vane    |       |       |       |       |     3 |     1 ||     4
         Lightning rod     |       |       |       |       |     8 |     3 ||    11
         Phial of floods   |       |       |       |       |     3 |       ||     3
    Use: Scroll            |       |     6 |     3 |     8 |    15 |     2 ||    34
         Potion            |       |       |     3 |     8 |    17 |     3 ||    31
   Stab: Sleeping          |       |     1 |       |       |       |       ||     1
         Distracted        |       |       |       |     2 |     6 |     1 ||     9
 Armour: Robe              |     6 |     7 |    10 |    36 |   182 |    36 ||   277
         Skin              |       |       |     1 |       |       |     2 ||     3
  Dodge: Dodged            |    17 |    54 |    62 |    88 |   284 |    58 ||   563
  Block: Other             |     3 |    15 |    14 |    27 |    72 |    12 ||   143

Table legend: (Time is in decaauts)
 A = Elapsed time spent in this place.
 B = Non-inter-level travel time spent in this place.
 C = Inter-level travel time spent in this place.
 D = Time resting spent in this place.
 E = Time spent auto-exploring this place.
 F = Levels seen in this place.
 G = Mean time per level.
                   A        B        C        D        E       F      G
               +--------+--------+--------+--------+--------+-----+--------+
         Total |  40139 |  38080 |   2059 |  11133 |  21619 |  27 | 1486.6 |
       Dungeon |  22135 |  21406 |    729 |   6605 |  12058 |  15 | 1475.7 |
        Temple |     30 |     21 |      9 |      0 |      6 |   1 |   30.0 |
          Lair |  11418 |  10395 |   1023 |   3005 |   6048 |   5 | 2283.6 |
         Swamp |   4071 |   3854 |    217 |   1172 |   2029 |   3 | 1357.0 |
  Orcish Mines |   2092 |   2013 |     79 |    349 |   1208 |   2 | 1046.0 |
        Bailey |    390 |    390 |      0 |      2 |    269 |   1 |  390.0 |
               +--------+--------+--------+--------+--------+-----+--------+

Top non-repeatable levels by time:
  Lair:3: 3393 daAuts
  Lair:5: 2797 daAuts
    D:12: 2260 daAuts
  Lair:1: 2248 daAuts
 Swamp:2: 2186 daAuts
    D:13: 2159 daAuts
     D:7: 2017 daAuts
    D:14: 1870 daAuts
 Swamp:1: 1634 daAuts
     D:6: 1508 daAuts
  Lair:4: 1501 daAuts
    D:15: 1501 daAuts
  Lair:2: 1477 daAuts
     D:9: 1389 daAuts
     D:8: 1246 daAuts

Table legend:
 A = Kills in this place as a percentage of kills in entire the game.
 B = Kills by you in this place as a percentage of kills by you in the entire game.
 C = Kills by friends in this place as a percentage of kills by friends in the entire game.
 D = Other kills in this place as a percentage of other kills in the entire game.
 E = Experience gained in this place as a percentage of experience gained in the entire game.
 F = Experience gained in this place divided by the number of levels of this place that you have seen.
                   A       B       C       D       E      F
               +-------+-------+-------+-------+-------+----------------------
         Total | 100.0 | 100.0 | 100.0 | 100.0 | 100.0 | 6658.9
       Dungeon |  50.1 |  57.9 |  37.4 |   0.0 |  36.5 | 4369.8
          Lair |  21.8 |  16.8 |  30.1 |  50.0 |  31.2 | 11205.6
         Swamp |  11.7 |  12.3 |  10.7 |   0.0 |  24.8 | 14876.3
  Orcish Mines |  14.1 |  12.7 |  16.3 |  50.0 |   6.7 | 6006.5
        Bailey |   2.3 |   0.4 |   5.5 |   0.0 |   0.9 | 1573.0
               +-------+-------+-------+-------+-------+----------------------
